AoeStats
← christianson001

Black Forest

506096438Analyzed
4v4 RM · 19d ago on Sep 12, 2026· 79m 2s· 8 players
Game mode
Random Map
Map size
Large (8 player)
Population
200
Speed
Normal
Resources
Standard
Victory
Conquest
Starting age
Dark Age
Ending age
Imperial Age
RankedLock teamsTeams togetherTeam positionsShared explorationLock speedFull tech treeHidden civsTurbo modeCheats
Victory
Defeat
🇺🇦 Spanish · Ukraine
652
+8
🇮🇳 Persians · India
635
+9
🇨🇿 Teutons · Czechia
600
+10
🇩🇰 Khmer · Denmark
592
+10
🇷🇸 Huns · Serbia
537
-11
🇨🇳 Franks · China
451
-9
🇵🇪 Armenians · Peru
447
-9
🇺🇸 Bulgarians · United States
423
-8
christianson001
12:58 Feudal Age
18:23 Wheelbarrow
17:37 Loom
17:40 Town Watch
20:36 Scale Barding Armor
20:33 Scale Mail Armor
20:44 Forging
20:27 Horse Collar
25:28 Castle Age
24:18 Double-Bit Axe
27:01 Squires
26:49 Gambesons
26:53 Arson
30:30 Hand Cart
30:21 Husbandry
30:53 Bloodlines
31:52 Stone Mining
32:42 Gold Mining
35:33 Pikeman
37:00 Light Cavalry
52:26 Bow Saw
55:53 Imperial Age
54:06 Gold Shaft Mining
53:41 Heavy Plow
58:31 Town Patrol
SilverAgeGamer
2:04 Loom
14:31 Feudal Age
TO VICTORY!!!
2:37 Loom
18:20 Feudal Age
19:15 Double-Bit Axe
19:47 Horse Collar
25:37 Castle Age
24:10 Man-at-Arms
24:50 Arson
27:09 Forging
27:20 Heavy Plow
29:30 Wheelbarrow
35:50 Scale Barding Armor
38:02 Hand Cart
41:50 Imperial Age
39:39 Bow Saw
40:04 Chain Barding Armor
40:20 Iron Casting
40:26 Town Watch
41:32 Town Patrol
41:44 Husbandry
41:54 Bloodlines
41:52 Cavalier
43:10 Plate Barding Armor
43:36 Blast Furnace
43:08 Conscription
42:49 Gold Mining
43:07 Paladin
45:21 Gold Shaft Mining
battlegod
12:46 Feudal Age
21:12 Castle Age
19:17 Double-Bit Axe
24:25 Bow Saw
29:43 Wheelbarrow
31:47 Forging
31:37 Scale Mail Armor
34:15 Hand Cart
37:44 Pikeman
38:25 Squires
38:11 Arson
44:14 Imperial Age
45:17 Halberdier
49:37 Elite Skirmisher
52:21 Conscription
56:27 Ballistics
57:09 Chemistry
59:14 Forging
59:21 Chain Mail Armor
59:12 Scale Barding Armor
59:00 Fletching
59:10 Padded Archer Armor
60:34 Loom
61:38 Iron Casting
61:36 Plate Mail Armor
61:29 Chain Barding Armor
61:07 Bodkin Arrow
61:28 Leather Archer Armor
62:05 Cavalier
62:49 Husbandry
63:30 Paladin
65:28 Blast Furnace
65:06 Plate Barding Armor
sandeepkumarsdsl
1:19 Loom
17:54 Feudal Age
19:27 Wheelbarrow
18:38 Town Watch
21:29 Fishing Lines
24:56 Gold Mining
24:57 Stone Mining
24:54 Horse Collar
28:26 Castle Age
26:45 Double-Bit Axe
27:26 Forging
27:17 Scale Mail Armor
29:39 Hand Cart
30:10 Iron Casting
29:50 Chain Mail Armor
30:11 Caravan
30:38 Heavy Plow
31:16 Stone Shaft Mining
31:10 Gillnets
36:36 Imperial Age
35:15 Bow Saw
34:47 Pikeman
35:29 Squires
35:27 Gambesons
39:08 Two-Man Saw
39:45 Blast Furnace
39:15 Plate Mail Armor
42:06 Chemistry
41:17 Fortified Wall
41:18 Masonry
41:30 Ballistics
41:01 Heated Shot
41:15 Elite Teutonic Knight
42:17 Ironclad
41:51 Onager
44:33 Siege Onager
48:54 Capped Ram
Ajghoimer
1:33 Loom
22:32 Feudal Age
22:59 Double-Bit Axe
23:20 Gold Mining
23:16 Horse Collar
24:29 Wheelbarrow
34:07 Forging
34:03 Scale Barding Armor
33:59 Scale Mail Armor
36:07 Castle Age
34:30 Arson
37:16 Heavy Plow
37:39 Bow Saw
40:20 Caravan
41:09 Hand Cart
45:15 Imperial Age
45:19 Cavalier
47:17 Gold Shaft Mining
46:36 Stone Mining
49:34 Chemistry
48:44 Savar
49:25 Husbandry
49:35 Bloodlines
49:53 Citadels
50:40 Crop Rotation
51:42 Iron Casting
51:28 Chain Barding Armor
51:23 Chain Mail Armor
51:47 Heated Shot
52:18 Ballistics
52:11 Masonry
51:31 Elite War Elephant
54:19 Two-Man Saw
54:21 Stone Shaft Mining
56:51 Blast Furnace
56:27 Plate Barding Armor
56:22 Plate Mail Armor
66:59 Guard Tower
RL1
0:50 Loom
13:26 Feudal Age
14:47 Wheelbarrow
14:01 Double-Bit Axe
13:59 Horse Collar
14:16 Gold Mining
15:20 Stone Mining
15:21 Town Watch
26:04 Castle Age
24:43 Forging
24:31 Fletching
25:45 Bloodlines
25:55 Scale Barding Armor
25:53 Padded Archer Armor
25:53 Scale Mail Armor
26:01 Scale Mail Armor
28:56 Bow Saw
29:17 Heavy Plow
31:11 Hand Cart
31:55 Stone Shaft Mining
35:10 Husbandry
36:20 Chain Barding Armor
36:56 Bodkin Arrow
37:37 Iron Casting
37:30 Caravan
38:01 Coinage
38:19 Murder Holes
38:35 Masonry
38:46 Ballistics
43:14 Imperial Age
41:00 Fortified Wall
40:42 Guard Tower
43:22 Cavalier
44:42 Plate Barding Armor
44:08 Bracer
45:09 Blast Furnace
45:16 Leather Archer Armor
45:17 Chain Mail Armor
44:49 Arrowslits
46:01 Conscription
46:25 Hoardings
48:13 Sappers
50:05 Supremacy
50:44 Banking
50:30 Guilds
49:53 Paladin
51:46 Two-Man Saw
52:03 Town Patrol
52:56 Inquisition
54:29 Capped Ram
57:11 Chemistry
56:43 Architecture
56:49 Keep
56:49 Ring Archer Armor
56:49 Plate Mail Armor
57:44 Siege Ram
63:54 Elite Conquistador
70:05 Bombard Tower
71:06 Pikeman
71:46 Squires
71:32 Arson
71:32 Gambesons
74:16 Halberdier
BlacKHazE.
0:30 Loom
Connection lost

Rejoining the realm…

Still unreachable

The connection could not be restored.

Session expired

The server has moved on; the page needs a fresh start.